 Dungeon Crawl Stone Soup version 0.30-a0-840-ga523dec638 (webtiles) character file.

Game seed: 233126520139157315

5 jimonade the Magician (level 1, -2/18 HPs)
             Began as a Djinni Warper on Mar 2, 2023.
             Slain by a gnoll
             ... wielding a +0 whip
              (6 damage)
             ... on level 1 of the Dungeon.
             The game lasted 00:00:18 (184 turns).

jimonade the Magician (Djinni Warper)                Turns: 184, Time: 00:00:18

Health: -2/18      AC:  3    Str: 10    XL:     1   Next: 88%
Gold:   14         EV: 11    Int: 14    God:
                   SH:  0    Dex: 12

rFire   + + .      SeeInvis .    a - +0 mace
rCold   x . .      Faith    .    (no shield)
rNeg    . . .      Spirit   .    b - +0 leather armour
rPois   ∞          Reflect  .    (no helmet)
rElec   .          Harm     .    (no cloak)
rCorr   .          Rampage  .    (no gloves)
Will    .....                    (boots unavailable)
Stlth   +                        (no amulet)
HPRegen 0.23/turn                (no ring)
MPRegen 0.00/turn                (no ring)

@: flying
A: sickness immunity, fire resistance 2, cold vulnerability 1, float, innate
caster, HP casting, extra vitality 1
a: no special abilities


You were on level 1 of the Dungeon.
You visited 1 branch of the dungeon, and saw 1 of its levels.

You collected 14 gold pieces.

Inventory:

Hand Weapons
 a - a +0 mace (weapon)
Missiles
 d - 7 boomerangs of dispersal (quivered)
 e - 5 stones
Armour
 b - a +0 leather armour (worn)
Scrolls
 c - a scroll of blinking
Potions
 f - a potion of heal wounds {unknown}


   Skills:
 + Level 2.0 Fighting
 + Level 1.5 Maces & Flails
 + Level 0.7 Throwing
 + Level 1.0 Armour
 + Level 2.1 Dodging
 * Level 2.7 Spellcasting


You knew the following spells:

 Your Spells              Type           Power      Damage    Failure   Level
a - Blink                 Tloc           18%        N/A       16%         2
b - Lesser Beckoning      Tloc           18%        N/A       16%         2
c - Vhi's Electric Charg  Tloc/Air       18%        N/A       30%         3
d - Teleport Other        Tloc           9%         N/A       30%         3
e - Manifold Assault      Tloc           9%         N/A       69%         4
Your spell library was empty.

Dungeon Overview and Level Annotations

Branches:
Dungeon (1/15)

Altars:


Innate Abilities, Weirdness & Mutations

You are immune to sickness and miasma.
You are immune to poison.
Your flesh is very heat resistant. (rF++)
You are vulnerable to cold. (rC-)
You float through the air rather than walking.
You learn spells naturally, not from books.
Your magical power is your life essence.
You have superior vitality. (+4 MHP)


Message History

A ball python comes into view.
The ball python hisses angrily.
A ball python is nearby!
You hit the ball python.
The ball python is heavily wounded.
The ball python closely misses you. x2; The ball python bites you.
The ball python closely misses you.
You hit the ball python.
You kill the ball python!
No target in view!
No target in view!
You see here a ball python corpse.
A rat comes into view.
A gnoll comes into view. It is wielding a +0 whip.
Found a yellow potion.
The gnoll shouts!
You hear an angry hiss.
The rat bites you.
You hit the rat.
The rat is heavily wounded.
The rat bites you but does no damage.
You completely miss the rat.
The rat is heavily wounded.
The rat bites you. The rat closely misses you.
You barely miss the rat.
The rat is heavily wounded.
The rat barely misses you.
You hit the rat.
You kill the rat!
You hit the gnoll.
The gnoll is moderately wounded.
The gnoll hits you with a +0 whip. The gnoll hits you with a +0 whip!
* * * LOW HITPOINT WARNING * * *
You are too injured to fight recklessly!
You are too injured to fight recklessly!
You are too injured to fight recklessly!
You are too injured to fight recklessly!
You hit the gnoll but do no damage.
The gnoll is moderately wounded.
The gnoll hits you with a +0 whip.
You die...

.P#.####...##
PP#..†.......
#####.##...## #.##
## ## P ###..# .. .
#....# ##.#
###..###########...#
#.............?#
##.###..####@.## .#.
#.##.†.#.!g...#
#....#..#.#.#.####.#
..........#.# .#
.......##.#.. .#
.....^.##.#### #
.......#...
............
.....#.#.##..


You could see a gnoll.

Vanquished Creatures
  2 endoplasms (D:1)
  2 ball pythons (D:1)
  A rat (D:1)
5 creatures vanquished.

Notes
Turn   | Place    | Note
-------+----------+-------------------------------------------
     0 | D:1      | jimonade the Djinni Warper began the quest for the Orb.
     0 | D:1      | jimonade set off with the following spells memorised:
                  | Blink, Lesser Beckoning, Vhi's Electric Charge, Teleport
                  | Other, Manifold Assault.
     0 | D:1      | Reached XP level 1. HP: 18/18 MP: 0/0
    76 | D:1      | Found a faded altar of an unknown god.
   184 | D:1      | Slain by a gnoll

Illustrated notes

Levels and vault maps discovered:
D:1:      lightli_arrival_chessboard, layout_loops_ring,
          shapermc_ecumenical_altar_gd, minmay_misc_feat_iff,
          hangedman_decor_riveting, minmay_heptomino_l4

Action                     || total
---------------------------++-------
  Melee: Mace              ||    17
 Armour: Leather armour    ||     3
  Dodge: Dodged            ||     7

Table legend: (Time is in decaauts)
 A = Elapsed time spent in this place.
 B = Non-inter-level travel time spent in this place.
 C = Inter-level travel time spent in this place.
 D = Time resting spent in this place.
 E = Time spent auto-exploring this place.
 F = Levels seen in this place.
 G = Mean time per level.
                   A        B        C        D        E       F      G
               +--------+--------+--------+--------+--------+-----+--------+
         Total |    189 |    189 |      0 |      0 |    152 |   1 |  189.0 |
       Dungeon |    189 |    189 |      0 |      0 |    152 |   1 |  189.0 |
               +--------+--------+--------+--------+--------+-----+--------+

Top non-repeatable levels by time:
     D:1: 189 daAuts
